 Dungeon Crawl Stone Soup version 0.29-a0-221-gceb61267dd (webtiles) character file.

Game seed: 15546555986224677721

35 ReploidZero the Shield-Bearer (level 3, 0/20 HPs)
             Began as a Vine Stalker Fighter on Feb 27, 2022.
             Killed by nerve-wracking pain
             ... invoked by Jessica
              (10 damage)
             ... on level 2 of the Dungeon.
             The game lasted 00:03:49 (1257 turns).

ReploidZero the Shield-Bearer (VSFi)                Turns: 1257, Time: 00:03:50

Health: 0/20       AC:  9    Str: 20    XL:     3   Next: 33%
Magic:  0/4        EV:  9    Int:  8    God:
Gold:   13         SH:  4    Dex: 13    Spells: 2/2 levels left

rFire   . . .      SeeInvis .   a - +0 flail
rCold   . . .      Faith    .   c - +0 buckler
rNeg    . . .      Spirit   +   b - +0 scale mail
rPois   .          Reflect  .   (no helmet)
rElec   .          Harm     .   (no cloak)
rCorr   .          Rampage  .   h - +2 pair of gloves
Will    .....                   (no boots)
Stlth   ..........              (no amulet)
HPRegen 0.06/turn               (no ring)
MPRegen 0.09/turn               (no ring)

@: mighty
A: fangs 2, magic shield, antimagic bite, no potion heal 2
a: no special abilities


You were on level 2 of the Dungeon.
You visited 1 branch of the dungeon, and saw 2 of its levels.

You collected 103 gold pieces.
You spent 90 gold pieces at shops.

Inventory:

Hand Weapons
 a - a +0 flail (weapon)
Armour
 b - a +0 scale mail (worn)
 c - a +0 buckler (worn)
 h - a +2 pair of gloves (worn)
Scrolls
 e - 2 scrolls of teleportation {unknown}
 g - 2 scrolls of identify {unknown}
 i - a scroll of fear {unknown}
 j - a scroll of immolation {unknown}
 k - a scroll of blinking
Potions
 f - a potion of ambrosia {unknown}


   Skills:
 + Level 3.0(1.5) Fighting
 + Level 2.2(1.1) Maces & Flails
 + Level 2.7(1.3) Armour
 + Level 3.0(1.5) Shields


You had 2 spell levels left.
You didn't know any spells.
Your spell library contained the following spells:

 Spells                   Type           Power      Damage    Failure   Level
 Animate Skeleton         Necr           0%         N/A       86%         1
 Apportation              Tloc           0%         N/A       86%         1
 Summon Small Mammal      Summ           0%         N/A       86%         1
 Alistair's Intoxication  Tmut/Pois      0%         N/A       100%        5
 Borgnjor's Vile Clutch   Necr/Erth      0%         N/A       100%        5
 Eringya's Noxious Bog    Tmut/Pois      0%         N/A       100%        6


Dungeon Overview and Level Annotations

Branches:
Dungeon (2/15)

Altars:
Ashenzari

Shops:
D:2 ?

Annotations:
D:2 Jessica


Innate Abilities, Weirdness & Mutations

You have extremely sharp teeth.
When hurt, damage is shared between your health and your magic reserves.
Your bite disrupts and absorbs the magic of your enemies.
Potions cannot restore your health.


Message History

You add the spells Alistair's Intoxication, Borgnjor's Vile Clutch and Eringya's Noxious Bog to your library.
Jessica the Apprentice Sorceress comes into view.
She is wielding a +2 dagger of venom and wearing a +0 robe of fire resistance.
Jessica shouts!
Jessica casts a spell.
Jessica blinks!
Jessica moves out of view.
Found a stone staircase leading up.
Jessica points at you and mumbles some strange words.
You resist with some effort.
Jessica is nearby!
Jessica is nearby!
Jessica is nearby!
You closely miss Jessica.
Jessica gestures wildly.
Jessica closely misses you.
You hit Jessica.
Jessica is lightly wounded.
Jessica points at you and mumbles some strange words.
Pain shoots through your body!
Ouch! That really hurt!
You are too injured to fight recklessly!
You are too injured to fight recklessly!
You are too injured to fight recklessly!
You are too injured to fight recklessly!
Unknown command.
You are too injured to fight recklessly!
Unknown command.
You are too injured to fight recklessly!
You are too injured to fight recklessly!
Unknown command.
You are too injured to fight recklessly!
You feel very mighty all of a sudden. Jessica closely misses you.
You closely miss Jessica.
Jessica is lightly wounded.
You block Jessica's attack. Jessica closely misses you.
You barely miss Jessica.
Jessica points at you and mumbles some strange words.
Pain shoots through your body!
Ouch! That really hurt!
You die...

... #.# .# #.# .# #.#
<# #.# .# # #.#
.##.#.# #. #.##......#
#. #.#.@......
#.###∩#@#
#.######.#.#.#.#
#)...........#.#
#..............#####.#
#.# ####...........(.#
#># #.#.###########
#.# #.#.# #.# # #.###
#<# #...#


You could see Jessica.

Vanquished Creatures
  An adder (D:2)
  A dart slug (D:2)
  A ball python (D:1)
  2 endoplasms
  A giant cockroach (D:1)
  2 goblins
  2 hobgoblins
  A kobold (D:1)
  5 bats
  5 frilled lizards
  4 rats (D:1)
25 creatures vanquished.

Notes
Turn   | Place    | Note
-------+----------+-------------------------------------------
     0 | D:1      | ReploidZero the Vine Stalker Fighter began the quest for
                  | the Orb.
     0 | D:1      | Reached XP level 1. HP: 11/11 MP: 2/2
   295 | D:1      | Noticed an eye of devastation
   297 | D:1      | Reached XP level 2. HP: 16/16 MP: 3/3
   298 | D:1      | Found a faded altar of an unknown god.
   300 | D:1      | Noticed an eye of devastation
   300 | D:1      | Noticed a floating eye
   300 | D:1      | Noticed a great orb of eyes
   312 | D:1      | Prayed at the altar of an unknown god.
   312 | D:1      | Became a worshipper of Ashenzari the Shackled
   399 | D:1      | Fell from the grace of Ashenzari
  1025 | D:2      | Reached XP level 3. HP: 10/20 MP: 2/4
  1232 | D:2      | Found Dedehe's Magic Scroll Shoppe.
  1243 | D:2      | Bought a scroll of blinking for 90 gold pieces
  1247 | D:2      | Noticed Jessica
  1257 | D:2      | Killed from afar by Jessica

Illustrated notes

Levels and vault maps discovered:
D:1:      amcnicky_arrival_blooded_trapdoor, layout_basic,
          hellmonk_ecumenical_altar_watching_god
D:2:      layout_loops_ring, serial_shops, shop, uniq_jessica, uniq_robin

Skill      XL: |  1  2 |
---------------+-------+-----
Maces & Flails | 2 |  2.2
Fighting       | 3 |  3.0
Shields        | 3 |  3.0
Armour         | |  2.7

Action                   || total
-------------------------++-------
Melee: Flail             ||    64
       Bite              ||     8
Invok: Renounce Religion ||     1
  Use: Potion            ||     1
Armor: Scale mail        ||    45
Dodge: Dodged            ||    35
Block: Buckler           ||    13

Table legend: (Time is in decaauts)
 A = Elapsed time spent in this place.
 B = Non-inter-level travel time spent in this place.
 C = Inter-level travel time spent in this place.
 D = Time resting spent in this place.
 E = Time spent auto-exploring this place.
 F = Levels seen in this place.
 G = Mean time per level.
                   A        B        C        D        E       F      G
               +--------+--------+--------+--------+--------+-----+--------+
         Total |   1281 |   1277 |      4 |      0 |   1075 |   2 |  640.5 |
       Dungeon |   1281 |   1277 |      4 |      0 |   1075 |   2 |  640.5 |
               +--------+--------+--------+--------+--------+-----+--------+

Top non-repeatable levels by time:
     D:1: 885 daAuts
     D:2: 395 daAuts
